AoeStats
← Jazzmushroom

Arena

506911521Analyzed
1v1 RM · 17d ago on Sep 15, 2026· 22m 51s· 2 players
Game mode
Random Map
Map size
Tiny (2 player)
Population
200
Speed
Normal
Resources
Standard
Victory
Conquest
Starting age
Dark Age
Ending age
Imperial Age
RankedLock teamsTeams togetherTeam positionsShared explorationLock speedFull tech treeHidden civsTurbo modeCheats
Victory
Defeat
🇫🇮 Muisca · Finland
1461
+14
🇺🇸 Muisca · United States
1428
-14
Jazzmushroom
10:34 Feudal Age
15:21 Castle Age
13:36 Horse Collar
14:25 Double-Bit Axe
17:57 Loom
21:29 Fletching
unfortunately I am
4:32 Loom
11:27 Feudal Age
12:10 Loom
14:54 Castle Age
13:17 Double-Bit Axe
13:16 Champi Runner
13:57 Horse Collar
15:15 Champi Warrior
17:49 Squires
18:09 Town Watch
19:47 Scale Mail Armor
Connection lost

Rejoining the realm…

Still unreachable

The connection could not be restored.

Session expired

The server has moved on; the page needs a fresh start.